 Dungeon Crawl Stone Soup version 0.30-a0-457-g4b7bca3bfa (webtiles) character file.

Game seed: 8474295738927460347

102 bande the Covered (level 4, -1/29 HPs)
             Began as a Gargoyle Fighter on Dec 13, 2022.
             Slain by an orc priest
             ... wielding a +0 hand axe
              (3 damage)
             ... on level 3 of the Dungeon.
             The game lasted 00:02:41 (1525 turns).

bande the Covered (Gargoyle Fighter)                Turns: 1525, Time: 00:02:42

Health: -1/29      AC: 11    Str: 20    XL:     4   Next: 78%
Magic:  4/4        EV:  9    Int:  8    God:
Gold:   88         SH:  4    Dex: 11    Spells: 3/3 levels left

rFire   . . .      SeeInvis .    a - +0 war axe (venom)
rCold   . . .      Faith    .    c - +0 buckler
rNeg    + . .      Spirit   .    b - +0 scale mail
rPois   ∞          Reflect  .    (no helmet)
rElec   +          Harm     .    j - +0 cloak
rCorr   .          Rampage  .    (no gloves)
Will    .....                    (no boots)
Stlth   ..........               (no amulet)
HPRegen 0.24/turn                (no ring)
MPRegen 0.09/turn                (no ring)

@: no status effects
A: sickness immunity, AC +3, negative energy resistance 1, electricity
resistance, torment resistance 1, petrification resistance
a: no special abilities


You were on level 3 of the Dungeon.
You visited 1 branch of the dungeon, and saw 3 of its levels.

You collected 88 gold pieces.

Inventory:

Hand Weapons
 a - a +0 war axe of venom (weapon)
Armour
 b - a +0 scale mail (worn)
 c - a +0 buckler (worn)
 j - a +0 cloak (worn)
Potions
 d - a potion of might
 e - 3 potions of heal wounds {unknown}
 f - 2 potions of mutation
 g - 2 potions of curing
 h - a potion of attraction {unknown}
 k - a potion of cancellation


   Skills:
 + Level 3.8 Fighting
 + Level 3.2 Axes
 + Level 3.9 Armour
 + Level 3.7 Shields


You had 3 spell levels left.
You didn't know any spells.
Your spell library contained the following spells:

 Spells                   Type           Power      Damage    Failure   Level
 Apportation              Tloc           0%         N/A       85%         1
 Kindle Blastsparks       Fire/Tloc/Air  0%         2d10      99%         3
 Fulminant Prism          Conj/Hex       0%         3d5       100%        4
 Iskenderun's Mystic Bla  Conj/Tloc      0%         2d3       100%        4
 Alistair's Intoxication  Tmut/Pois      0%         N/A       100%        5
 Lee's Rapid Deconstruct  Erth           0%         3d4*      100%        5


Dungeon Overview and Level Annotations

Branches:
Dungeon (3/15)

Altars:


Innate Abilities, Weirdness & Mutations

You are immune to sickness and miasma.
Your stone body is resilient. (AC +3)
You are immune to poison.
You resist negative energy. (rN+)
You are resistant to electric shocks. (rElec)
You are resistant to unholy torment.
You are immune to petrification.


Message History

The adder is almost dead.
You barely miss the giant cockroach.
You kill the adder!
The giant cockroach bites you but does no damage.
Unknown command.
The giant cockroach misses you.
The giant cockroach bites you but does no damage.
You see here an adder corpse.
Unknown command.
The giant cockroach barely misses you.
There is a stone staircase leading down here.
You hit the giant cockroach.
You kill the giant cockroach!
Things that are here:
a +0 dagger; a giant cockroach corpse
There is a stone staircase leading down here.
You climb downwards.
The bat barely misses you. You block the bat's attack.
The orc wizard points at you and mumbles some strange words.
You resist with some effort.
The orc priest mumbles some strange prayers to Beogh against you.
Beogh smites you!
There is a stone staircase leading up here.
You closely miss the orc priest. The bat hits you but does no damage.
You hit the orc priest.
The orc priest is poisoned.
The orc priest is moderately wounded.
You barely miss the orc priest. You block the bat's attack.
The orc priest begins to cast a cantrip, but forgets the words!
The orc priest miscasts a cantrip.
You hit the orc priest.
The orc priest looks as sick as possible!
The orc priest is severely wounded.
You barely miss the orc wizard. You closely miss the orc priest.
You barely miss the bat. The bat hits you but does no damage.
The orc priest mumbles some strange prayers to Beogh against you.
Beogh smites you!
Ouch! That really hurt!
* * * LOW HITPOINT WARNING * * *
You block the orc wizard's attack.
The orc priest hits you with a +0 hand axe.
You die...

#.###### #
... ..
##...... ##
#......##
...#..♣.♣..##
..........# .
#.♣.....♣....
#...o@b...#
##..oo...#...
##.....##
#######


You could see 2 orc priests, an orc wizard and a bat.

Vanquished Creatures
  4 adders (D:2)
  2 dart slugs (D:2)
  An orc (D:2)
  5 ball pythons
  4 endoplasms
  2 giant cockroaches (D:2)
  4 goblins
  5 hobgoblins
  12 jackals
  A quokka (D:2)
  4 bats
  A frilled lizard (D:2)
  4 kobolds
  8 rats
57 creatures vanquished.

Notes
Turn   | Place    | Note
-------+----------+-------------------------------------------
     0 | D:1      | bande the Gargoyle Fighter began the quest for the Orb.
     0 | D:1      | Reached XP level 1. HP: 14/14 MP: 1/1
   223 | D:1      | Reached XP level 2. HP: 19/19 MP: 2/2
   259 | D:1      | Found a faded altar of an unknown god.
   369 | D:1      | Reached XP level 3. HP: 23/23 MP: 3/3
  1028 | D:2      | Reached XP level 4. HP: 29/29 MP: 4/4
  1525 | D:3      | Slain by an orc priest

Illustrated notes

Levels and vault maps discovered:
D:1:      dpeg_arrival_rooms_c, layout_basic,
          chequers_ecumenical_altar_simple_redux, minmay_misc_feat_encased,
          roderic_nine_men_s_morris, st_stairs_3,
          minmay_misc_feat_secret_circle, minmay_pentomino_w2
D:2:      layout_basic, kennysheep_generic_room_7
D:3:      gammafunk_wand_slinger, layout_loops_corners, serial_shops,
          nicolae_shop_hallway_plus, minivault_4, grunt_ministairs_9

Skill      XL: |  1  2  3  4 |
---------------+-------------+-----
Axes           | 2 3 |  3.2
Fighting       | |  3.8
Armour         | |  3.9
Shields        | |  3.7

Action                   |  1- 3 |  4- 6 || total
-------------------------+-------+-------++-------
Melee: War axe           |    97 |    30 ||   127
  Use: Scroll            |     6 |     2 ||     8
Armor: Scale mail        |    64 |    24 ||    88
Dodge: Dodged            |    53 |    25 ||    78
Block: Buckler           |    26 |     7 ||    33

Table legend: (Time is in decaauts)
 A = Elapsed time spent in this place.
 B = Non-inter-level travel time spent in this place.
 C = Inter-level travel time spent in this place.
 D = Time resting spent in this place.
 E = Time spent auto-exploring this place.
 F = Levels seen in this place.
 G = Mean time per level.
                   A        B        C        D        E       F      G
               +--------+--------+--------+--------+--------+-----+--------+
         Total |   1580 |   1442 |    138 |     35 |   1063 |   3 |  526.7 |
       Dungeon |   1580 |   1442 |    138 |     35 |   1063 |   3 |  526.7 |
               +--------+--------+--------+--------+--------+-----+--------+

Top non-repeatable levels by time:
     D:2: 813 daAuts
     D:1: 758 daAuts
     D:3: 8 daAuts
